 Dungeon Crawl Stone Soup version 0.27-a0-1191-g601b473118 (webtiles) character file.

Game seed: 9506997744371425082

2864 Wyvernaa the Grappler (level 9, 0/72 HPs)
             Began as a Ghoul Monk on May 24, 2021.
             Was a Believer of Makhleb.
             Slain by a killer bee (4 damage)
             ... on level 6 of the Dungeon.
             The game lasted 00:33:56 (8621 turns).

Wyvernaa the Grappler (Ghoul Monk)                  Turns: 8621, Time: 00:33:57

Health: 0/72       AC: 10    Str: 15    XL:     9   Next: 75%
Magic:  11/11      EV: 14    Int:  5    God:    Makhleb [**....]
Gold:   546        SH:  0    Dex: 14    Spells: 8/8 levels left

rFire    . . .     SeeInvis .     - Unarmed
rCold    + . .     Faith    .   (no shield)
rNeg     + + +     Spirit   .   j - +0 steam dragon scales
rPois    ∞         Reflect  .   e - +2 helmet
rElec    .         Harm     .   q - +0 cloak
rCorr    +         Rampage  .   (no gloves)
Will     .....                  t - +0 pair of boots
Stlth    +++.......             (no amulet)
HPRegen  0.00/turn              c - ring of resist corrosion
MPRegen  0.12/turn              (no ring)

@: marked, very slightly contaminated, invisible
A: claws 1, cold resistance 1, negative energy resistance 3, inhibited
regeneration, torment resistance 2
a: Renounce Religion, Minor Destruction


You were on level 6 of the Dungeon.
You worshipped Makhleb.
Makhleb was pleased with you.
You visited 2 branches of the dungeon, and saw 8 of its levels.
You also visited: Ossuary.

You collected 546 gold pieces.

Inventory:

Missiles
 a - 4 curare-tipped darts (quivered)
Armour
 e - a +2 helmet (worn)
 j - +0 steam dragon scales (worn)
 n - a +0 tower shield
 q - a +0 cloak (worn)
 t - a +0 pair of boots (worn)
 v - the +1 robe of Ru's Indignation {Will+ Regen+}
   (You found it on level 5 of the Dungeon)

   It increases your rate of health regeneration.
   It increases your willpower.
Jewellery
 c - a ring of resist corrosion (left claw)
Wands
 u - a wand of polymorph (5)
Scrolls
 m - a scroll of amnesia
 p - a scroll of fear
 x - a scroll of identify
Potions
 b - a potion of magic
 f - a potion of attraction {unknown}
 g - 2 potions of brilliance
 h - a potion of haste {unknown}
 k - a potion of resistance {unknown}
 r - a potion of degeneration {unknown}
 w - 2 potions of mutation {unknown}


   Skills:
 + Level 4.6 Fighting
 * Level 2.2 Armour
 * Level 5.1 Dodging
 + Level 4.1 Stealth
 * Level 3.0 Shields
 * Level 10.5 Unarmed Combat
 * Level 5.3 Invocations


You had 8 spell levels left.
You didn't know any spells.
Your spell library contained the following spells:

 Spells                   Type           Power      Damage    Failure   Level
 Summon Small Mammal      Summ           0%         N/A       47%         1
 Call Imp                 Summ           0%         N/A       63%         2
 Call Canine Familiar     Summ           0%         N/A       85%         3
 Summon Guardian Golem    Hex/Summ       0%         N/A       85%         3
 Summon Ice Beast         Ice/Summ       0%         N/A       99%         4
 Summon Lightning Spire   Summ/Air       0%         N/A       99%         4
 Bolt of Magma            Conj/Fire/Erth 0%         4d4       100%        5
 Iskenderun's Battlesphe  Conj           0%         2d6       100%        5
 Iron Shot                Conj/Erth      0%         9d1       100%        6
 Orb of Destruction       Conj           0%         N/A       100%        7
 Spellforged Servitor     Conj/Summ      0%         N/A       100%        7


Dungeon Overview and Level Annotations

Branches:
Dungeon (7/15)             Temple (1/1) D:4         Ossuary (visited)

Altars:
Ashenzari
Cheibriados
Dithmenos
Elyvilon
Fedhas
Gozag
Hepliaklqana
Makhleb
Okawaru
Qazlal
Ru
Sif Muna
Trog
Uskayaw
Vehumet
Wu Jian
Xom
Yredelemnul
Zin
The Shining One

Annotations:
D:3 Terence
D:4 Lightning or powerful fire
D:7 Harold


Innate Abilities, Weirdness & Mutations

You thrive by killing the living.
You are immune to poison.
You have sharp fingernails.
Your flesh is cold resistant. (rC+)
You are immune to negative energy. (rN+++)
You do not regenerate when monsters are visible.
You are immune to unholy pain and torment.


Message History

You closely miss the killer bee.
The killer bee is almost dead.
The killer bee barely misses you. The killer bee completely misses you.
The killer bee stings you.
* * * LOW HITPOINT WARNING * * *
The killer bee stings you.
* * * LOW HITPOINT WARNING * * *
You feel better. The killer bee stings you.
* * * LOW HITPOINT WARNING * * *
The killer bee misses you. The killer bee barely misses you.
The killer bee closely misses you.
You fade into invisibility!
The killer bee stings you but does no damage.
The killer bee barely misses you. x2; The killer bee misses you.
You are very lightly contaminated with residual magic.
You barely miss the killer bee.
The killer bee is almost dead.
The killer bee misses you. x2
You claw the killer bee!
You kill the killer bee!
Makhleb accepts your kill.
You feel better. The killer bee closely misses you. x2
You scratch the killer bee.
The killer bee is moderately wounded.
The killer bee misses you. The killer bee closely misses you.
You catch the helpless killer bee completely off-guard!
You claw the killer bee!
The killer bee is almost dead.
The killer bee misses you.
You miss the killer bee.
The killer bee is almost dead.
The killer bee stings you.
* * * LOW HITPOINT WARNING * * *
The killer bee stings you!
* * * LOW HITPOINT WARNING * * *
Okay, then.
You closely miss the killer bee.
The killer bee is almost dead.
The killer bee stings you.
You die...

#..........#######
#..#####.........####
#..................[#
#..######..#####.##.#
###..###.##..#####.##.##########
#...............##......##......
#.#######...............##.#....
#.# #.#..##...........#..... #.#
#.....y@.####....###.... #.#
#.#..##†## #...## #..(. #.#
#.#..##.#####....###.... #.#
#.#..##...........#...).
#.#######.#..########..........?
#.........#..########...#.......
####...##.#...........#.######..
#[..##.##........###.# ###
#...........†###.# #.# #


You could see a killer bee.

Vanquished Creatures
  Maggie (D:7)
  Joseph (D:7)
  A kobold demonologist (D:5)
  A wyvern (D:4)
  2 humans (D:7)
  An orc warrior (D:6)
  2 black bears
  An ice beast (D:6)
  2 necrophages (D:4)
  A wyvern zombie (D:7)
  3 scorpions
  A water moccasin zombie (D:5)
  A killer bee (D:6)
  A howler monkey (D:6)
  A crimson imp (D:3)
  A gnoll shaman (D:4)
  2 bullfrog zombies
  2 hounds
  A jelly (D:4)
  2 killer bee zombies
  3 hound skeletons
  8 mummies (Ossuary)
  11 adders
  7 gnolls
  A shadow imp (D:6)
  2 white imps
  A worm (D:3)
  2 dart slugs
  2 orcs (D:6)
  3 endoplasms
  2 giant cockroaches
  4 gnoll zombies (Ossuary)
  7 goblins
  8 hobgoblins
  14 jackals
  A quokka (D:2)
  11 ball pythons
  4 bats
  2 frilled lizards
  A goblin skeleton (D:3)
  2 goblin zombies (D:3)
  3 hobgoblin zombies
  7 kobolds
  2 kobold skeletons (D:3)
  3 kobold zombies
  3 orc skeletons (D:3)
  2 orc zombies (Ossuary)
  3 rats
  2 rat zombies (D:4)
149 creatures vanquished.

Vanquished Creatures (others)
  A quokka (D:5)
  5 toadstools (D:4)
6 creatures vanquished.

Grand Total: 155 creatures vanquished

Notes
Turn   | Place    | Note
-------+----------+-------------------------------------------
     0 | D:1      | Wyvernaa the Ghoul Monk began the quest for the Orb.
     0 | D:1      | Reached XP level 1. HP: 19/19 MP: 0/0
   256 | D:1      | Reached XP level 2. HP: 26/26 MP: 1/1
  1125 | D:2      | Reached XP level 3. HP: 25/31 MP: 2/2
  1131 | D:2      | Reached skill level 4 in Unarmed Combat
  1503 | D:2      | Reached XP level 4. HP: 39/39 MP: 3/3
  1699 | D:2      | Reached skill level 5 in Unarmed Combat
  1838 | D:2      | Reached XP level 5. HP: 40/46 MP: 4/4
  3013 | D:3      | Reached skill level 6 in Unarmed Combat
  3051 | D:3      | Reached XP level 6. HP: 38/52 MP: 5/5
  3312 | D:3      | Found a blossoming altar of Fedhas.
  3374 | D:3      | Noticed Terence
  3750 | D:4      | Noticed a wyvern
  3758 | D:4      | Found a sand-covered staircase.
  3771 | Ossuary  | Entered an ossuary
  4780 | D:4      | Reached skill level 7 in Unarmed Combat
  4922 | D:4      | Found a staircase to the Ecumenical Temple.
  4923 | D:4      | Noticed a black bear
  4947 | D:4      | Reached XP level 7. HP: 59/59 MP: 6/6
  5082 | Temple   | Entered the Ecumenical Temple
  5266 | Temple   | Became a worshipper of Makhleb the Destroyer
  5266 | Temple   | Reached * piety under Makhleb
  5266 | Temple   | Reached ** piety under Makhleb
  5418 | D:4      | Reached skill level 8 in Unarmed Combat
  5583 | D:4      | Reached skill level 1 in Invocations
  5689 | D:4      | Reached XP level 8. HP: 64/66 MP: 6/8
  6305 | D:4      | Killed a wyvern
  6306 | D:4      | Reached skill level 9 in Unarmed Combat
  6558 | D:5      | Entered Level 5 of the Dungeon
  6833 | D:5      | Identified the +1 robe of Ru's Indignation {Will+ Regen+}
  6909 | D:5      | Noticed a kobold demonologist
  6921 | D:5      | Noticed a soul eater
  7204 | D:5      | Noticed a hellwing
  7220 | D:5      | Noticed a rust devil
  7226 | D:5      | Killed a kobold demonologist
  7227 | D:5      | Reached skill level 1 in Armour
  7227 | D:5      | Reached skill level 1 in Shields
  7688 | D:6      | Reached XP level 9. HP: 46/72 MP: 10/10
  8147 | D:7      | Noticed Joseph
  8162 | D:7      | Killed Joseph
  8163 | D:7      | Reached skill level 10 in Unarmed Combat
  8209 | D:7      | Found a broken altar of Ashenzari.
  8210 | D:7      | Found an opulent altar of Gozag.
  8287 | D:7      | Found an iron altar of Okawaru.
  8333 | D:7      | Reached skill level 5 in Dodging
  8360 | D:7      | Noticed Maggie
  8378 | D:7      | Killed Maggie
  8379 | D:7      | Reached skill level 5 in Invocations
  8591 | D:7      | Noticed Harold
  8621 | D:6      | Slain by a killer bee

Illustrated notes

Levels and vault maps discovered:
D:1:      dpeg_arrival_pond, layout_loops_cross
D:2:      layout_basic, hangedman_feature_mirror, minmay_snake_closets
D:3:      layout_basic, fedhas_altar_fruit_tree, nicolae_tso_besieged_by_evil,
          uniq_terence
D:4:      layout_loops_ring, minmay_temple_entry_stoned_glass, enter_ossuary_3,
          st_stairs_6, minmay_gold_behind_fungi, kennysheep_big_empty_room,
          saegor_snake_ambush
D:5:      layout_basic, elyvilon_altar_4
D:6:      layout_loops_ring
D:7:      layout_basic, okawaru_humans, minitemple, kb_lookout_dungeons_type,
          uniq_harold, uniq_prince_ribbit1, uniq_joseph, uniq_menkaure,
          uniq_maggie
Temple:   eino_narrow_crystal_temple

Skill      XL: |  1  2  3  4  5  6  7  8  9 |
---------------+----------------------------+-----
Dodging        | 3 4 5 |  5.1
Unarmed Combat | 4 5 6 7 8 9 10 | 10.5
Stealth        | 3 4 |  4.1
Fighting       | 4 |  4.6
Invocations    | 1 3 5 |  5.3
Armour         | 1 2 |  2.2
Shields        | 1 3 |  3.0

Action                   |  1- 3 |  4- 6 |  7- 9 || total
-------------------------+-------+-------+-------++-------
Melee: Unarmed           |    88 |   276 |   197 ||   561
       Punch             |       |    10 |     7 ||    17
Invok: Minor Destruction |       |       |    34 ||    34
  Use: Scroll            |     4 |    14 |    13 ||    31
       Potion            |       |     3 |     7 ||    10
 Stab: Sleeping          |     1 |     8 |     1 ||    10
       Invisible         |       |       |     1 ||     1
Armor: Robe              |    20 |    34 |    39 ||    93
       Leather armour    |       |       |     2 ||     2
       Steam dragon scal |       |       |     7 ||     7
Dodge: Dodged            |    46 |   158 |   144 ||   348

Table legend: (Time is in decaauts)
 A = Elapsed time spent in this place.
 B = Non-inter-level travel time spent in this place.
 C = Inter-level travel time spent in this place.
 D = Time resting spent in this place.
 E = Time spent auto-exploring this place.
 F = Levels seen in this place.
 G = Mean time per level.
                   A        B        C        D        E       F      G
               +--------+--------+--------+--------+--------+-----+--------+
         Total |   8586 |   8274 |    312 |   2136 |   3399 |   9 |  954.0 |
       Dungeon |   7426 |   7128 |    298 |   1623 |   3305 |   7 | 1060.9 |
        Temple |    194 |    180 |     14 |      0 |     94 |   1 |  194.0 |
       Ossuary |    965 |    965 |      0 |    513 |      0 |   1 |  965.0 |
               +--------+--------+--------+--------+--------+-----+--------+

Top non-repeatable levels by time:
     D:4: 1851 daAuts
     D:2: 1758 daAuts
     D:3: 1004 daAuts
 Ossuary: 965 daAuts
     D:1: 879 daAuts
     D:5: 844 daAuts
     D:6: 626 daAuts
     D:7: 462 daAuts
  Temple: 194 daAuts
